Map: 아크로폴리스 - 래더

Players

DnS

  • Race: Protoss Protoss
  • Spawn Location: 5:00

lIlIlIlIIlIl (Dear) - Winner!

  • Race: Protoss Protoss
  • League: Master
  • Spawn Location: 11:00

Event: 2019 Assembly Summer

VOD

Have the link to the VOD?

Description

Time

  • Played on: Aug. 1, 2019, 10:31 a.m.
  • Length: 11:13

All games in this series

Show
View Real Time Build Order
Export as new Build Order

DnS Protoss 

Build Orders: Zealot Archon 

Get SALT Encoding   

  12  0:00  Probe  
  13  0:12  Probe  
  14  0:16  Pylon  
  14  0:23  Probe  
  15  0:32  Probe  
  15  0:38  Gateway  
  15  0:40  Probe  
  16  0:46  Assimilator  
  17  0:51  Probe  
  17  0:54  Assimilator  
  18  1:00  Probe  
  19  1:07  Gateway  
  19  1:08  Probe  
  19  1:17  Probe  
  21  1:25  Cybernetics Core  
  21  1:29  Probe  
  22  1:34  Pylon  
  22  1:41  Probe  
  23  1:53  Probe  
  24  2:01  Warp Gate, Sentry, Stalker  
  28  2:11  Pylon  
  28  2:27  Stalker  
  30  2:35  Stalker  
  32  2:50  Nexus  
  33  2:51  Probe  
  33  2:58  Sentry  
  35  3:03  Probe  
  38  3:05  Sentry  
  37  3:15  Probe  
  37  3:18  Pylon  
  38  3:23  Probe  
  38  3:25  Forge  
  38  3:32  Probe  
  39  3:40  Probe  
  40  3:48  Probe  
  41  3:49  Stalker x2  
  41  3:53  Stalker x2  
  46  3:58  Probe  
  46  3:59  Probe  
  47  4:07  Probe  
  48  4:10  Probe  
  48  4:12  Protoss Ground Weapons Level 1  
  48  4:13  Stalker  
  52  4:17  Probe  
  52  4:22  Stalker  
  55  4:27  Probe  
  56  4:32  Probe  
  49  4:48  Probe  
  49  4:49  Stalker  
  49  4:50  Probe  
  48  4:57  Stalker  
  48  4:59  Probe  
  50  5:00  Probe  
  50  5:03  Robotics Facility  
  52  5:07  Probe  
  52  5:08  Probe  
  52  5:09  Shield Battery  
  54  5:16  Probe, Stalker  
  54  5:17  Probe  
  54  5:21  Pylon  
  58  5:24  Probe, Stalker  
  61  5:29  Probe  
  61  5:32  Pylon  
  61  5:35  Probe  
  63  5:48  Probe  
  62  5:55  Probe  
  61  5:58  Assimilator  
  61  6:00  Probe, Assimilator  
  61  6:03  Warp Prism  
  64  6:06  Twilight Council  
  64  6:09  Pylon  
  64  6:10  Adept  
  67  6:12  Probe  
  67  6:13  Adept  
  67  6:15  Probe  
  70  6:23  Probe  
  70  6:24  Probe  
  71  6:30  Protoss Ground Weapons Level 2  
  71  6:32  Probe  
  72  6:36  Probe  
  74  6:43  Charge  
  74  6:47  Probe  
  74  6:50  Templar Archives  
  74  6:51  Gateway  
  74  6:53  Gateway  
  75  6:55  Gateway  
  75  6:59  Gateway  
  75  7:13  Gateway  
  75  7:14  Gateway  
  75  7:24  Nexus  
  75  7:26  Pylon  
  75  7:36  Pylon  
  75  7:45  High Templar x3  
  75  7:49  Zealot  
  75  7:50  Zealot  
  85  7:52  Archon  
  85  7:54  High Templar, Probe x2  
  85  7:56  Immortal, Pylon  
  91  7:59  Archon  
  91  8:08  Pylon  
  91  8:13  Zealot  
  91  8:14  Zealot x3  
  99  8:24  High Templar x2  
  99  8:25  Zealot  
  101  8:28  Archon  
  101  8:29  Shield Battery  
  101  8:30  Pylon  
  101  8:49  Pylon  
  101  8:51  Zealot x5  
  109  8:58  Pylon  
  108  9:05  Zealot x3  
  114  9:11  High Templar x2  
  114  9:12  Zealot x2  
  114  9:15  Archon  
  122  9:21  Immortal  
  126  9:39  Zealot x4  
  134  9:50  High Templar x2  
  134  9:51  Probe x2  
  134  9:52  Probe  
  141  9:54  Pylon  
  141  9:56  Archon  
  139  10:10  Zealot x4  
  139  10:12  Zealot x2  
  151  10:21  Pylon  
  151  10:22  Pylon  
  149  10:29  Zealot x2  
  149  10:34  Zealot x2  
  156  10:39  Zealot x2  
  131  10:44  Zealot x2  
  105  10:51  Zealot  
  81  11:01  Zealot x5  
  69  11:11  Zealot x2  
Show
View Real Time Build Order
Export as new Build Order

lIlIlIlIIlIl Protoss - Winner!

Build Orders: Oracle Opening, Phoenix Opening, Archon Immortal 

Get SALT Encoding   

  12  0:00  Probe  
  13  0:12  Probe  
  14  0:18  Pylon  
  14  0:24  Probe  
  15  0:32  Probe  
  15  0:37  Gateway  
  15  0:40  Probe  
  16  0:46  Assimilator  
  17  0:51  Probe  
  17  0:54  Assimilator  
  18  0:59  Probe  
  19  1:07  Gateway, Probe  
  19  1:17  Probe  
  20  1:24  Cybernetics Core  
  21  1:29  Probe  
  22  1:34  Pylon  
  22  1:41  Probe  
  23  1:53  Probe  
  24  2:01  Warp Gate, Sentry, Stalker  
  28  2:11  Pylon  
  27  2:30  Stargate  
  27  2:34  Phoenix  
  27  2:39  Nexus  
  27  2:42  Probe  
  28  2:50  Stalker  
  30  2:54  Probe  
  31  3:01  Pylon  
  31  3:04  Oracle  
  31  3:06  Probe  
  32  3:18  Probe  
  36  3:30  Probe  
  36  3:34  Oracle  
  37  3:35  Shield Battery  
  39  3:42  Probe  
  39  3:48  Probe  
  41  3:54  Probe  
  43  3:56  Probe  
  43  3:58  Adept  
  43  3:59  Adept  
  48  4:05  Probe  
  48  4:06  Probe  
  50  4:14  Probe  
  50  4:15  Robotics Facility  
  50  4:19  Probe  
  50  4:22  Probe  
  52  4:24  Assimilator  
  52  4:30  Assimilator  
  52  4:31  Probe  
  54  4:32  Probe  
  55  4:43  Probe  
  55  4:45  Phoenix  
  53  4:49  Probe  
  53  4:51  Immortal  
  50  4:55  Probe  
  50  4:58  Sentry, Stalker  
  52  5:00  Forge  
  52  5:01  Probe, Pylon  
  57  5:07  Probe  
  57  5:08  Pylon  
  57  5:13  Probe  
  59  5:20  Twilight Council  
  59  5:22  Stalker x2  
  59  5:25  Shield Battery  
  59  5:27  Immortal  
  67  5:41  Pylon  
  67  5:46  Sentry, Stalker  
  66  5:52  Phoenix  
  66  5:56  Immortal  
  66  6:03  Probe x2  
  70  6:13  Protoss Ground Weapons Level 1  
  70  6:17  Gateway x2  
  70  6:18  Gateway  
  70  6:22  Charge  
  70  6:25  Warp Prism, Gateway  
  72  6:42  Templar Archives  
  72  6:47  Nexus  
  72  6:53  Pylon  
  72  6:55  Probe x2  
  75  7:01  Observer  
  75  7:04  Shield Battery  
  75  7:07  Probe x2  
  76  7:17  Gateway  
  76  7:19  Gateway  
  76  7:20  Probe x2  
  78  7:24  High Templar x2, Zealot x2  
  78  7:28  Archon  
  86  7:30  Immortal  
  86  7:36  Phoenix  
  90  7:40  Pylon  
  90  7:43  Stalker  
  92  7:47  Protoss Ground Weapons Level 2  
  94  8:09  Immortal  
  94  8:12  Zealot x4  
  106  8:24  Zealot x3  
  110  8:35  High Templar x2  
  110  8:36  Zealot, Pylon  
  110  8:41  Archon, Pylon  
  116  8:47  Shield Battery  
  116  8:49  Shield Battery x2  
  116  8:55  Immortal  
  120  8:57  Pylon  
  120  9:05  High Templar x2, Zealot  
  120  9:06  Zealot x3  
  120  9:09  Archon, Pylon  
  132  9:12  Probe, Pylon  
  132  9:15  Probe x2, Assimilator  
  132  9:16  Assimilator  
  135  9:26  Probe  
  135  9:27  Probe x2  
  135  9:28  Pylon  
  135  9:30  High Templar, Pylon  
  135  9:31  High Templar, Zealot x2  
  142  9:35  Archon  
  146  9:39  Photon Cannon  
  146  9:42  Zealot x3  
  146  9:45  Zealot  
  154  9:57  Pylon  
  154  10:01  High Templar  
  154  10:02  High Templar, Zealot x3  
  164  10:07  Archon  
  164  10:11  Pylon  
  162  10:23  Dark Shrine  
  162  10:31  Zealot x5  
  162  10:33  Zealot  
  162  10:34  Zealot  
  176  10:35  Zealot  
  124  10:56  Zealot x2  
  124  10:57  Zealot x6  
Tags
 
Add a new tag
Caveats
  • Supply blocks, unpowered buildings, or Contaminate may cause inaccurate times.
  • Supply counts are checked every 10 seconds.